 Dungeon Crawl Stone Soup version 0.29-a0-297-g7659ce593d (webtiles) character file.

Game seed: 6465174722887687162

79 kae the Firebug (level 4, -4/24 HPs)
             Began as a Tengu Fire Elementalist on Mar 20, 2022.
             Killed from afar by a goblin (15 damage)
             ... with a puff of flame
             ... on level 4 of the Dungeon.
             The game lasted 00:01:21 (4142 turns).

kae the Firebug (Tengu Fire Elementalist)           Turns: 4142, Time: 00:01:22

Health: -4/24      AC:  2    Str:  9    XL:     4   Next: 38%
Magic:  8/8        EV: 12    Int: 17    God:
Gold:   218        SH:  0    Dex: 14    Spells: 2/8 levels left

rFire   x . .      SeeInvis .   (no weapon)
rCold   + . .      Faith    .   (no shield)
rNeg    . . .      Spirit   .   a - +0 robe
rPois   .          Reflect  .   (helmet restricted)
rElec   .          Harm     .   (no cloak)
rCorr   .          Rampage  .   (no gloves)
Will    .....                   (boots unavailable)
Stlth   ++........              (no amulet)
HPRegen 0.08/turn               e - ring of ice
MPRegen 0.11/turn               d - ring of flight

@: flying
A: beak, talons 3
a: no special abilities


You were on level 4 of the Dungeon.
You visited 1 branch of the dungeon, and saw 4 of its levels.

You collected 218 gold pieces.

Inventory:

Armour
 a - a +0 robe (worn)
Jewellery
 d - a ring of flight (right hand)
 e - a ring of ice (left hand)
 o - a +6 ring of dexterity
Scrolls
 c - a scroll of amnesia
Potions
 b - a potion of magic
 f - 2 potions of heal wounds
 h - 2 potions of mutation
 p - a potion of lignification
 q - a potion of berserk rage


   Skills:
 - Level 2.1 Dodging
 - Level 2.0 Stealth
 + Level 2.6 Spellcasting
 + Level 2.7 Conjurations
 * Level 4.6 Fire Magic


You had 2 spell levels left.
You knew the following spells:

 Your Spells              Type           Power      Damage    Failure   Level
a - Foxfire               Conj/Fire      56%        2x1d6     4%          1
b - Scorch                Fire           36%        2d6       4%          2
c - Conjure Flame         Conj/Fire      14%        6-21      12%         3

Your spell library contained the following spells:

 Spells                   Type           Power      Damage    Failure   Level
 Inner Flame              Hex/Fire       10%        N/A       22%         3
 Flame Wave               Conj/Fire      14%        2d6       36%         4


Dungeon Overview and Level Annotations

Branches:
Dungeon (4/15)
 Temple: D:4-7

Altars:
Vehumet

Shops:
D:3 (


Innate Abilities, Weirdness & Mutations

You have a beak for a mouth.
You have claws for feet.


Message History

As you read the scroll labelled EMEPUD REFE, it crumbles to dust.
It is a scroll of enchant weapon.
You aren't carrying any weapons that can be enchanted.
As you read the scroll labelled YTISHRU ZAONLI, it crumbles to dust.
Wisps of shadow whirl around you...
It was a scroll of summoning.
Unknown command.
You start resting.
Your kobold dissolves into shadows!
You feel your willpower return.
Your hobgoblin dissolves into shadows!
HP restored.
You now have 218 gold pieces (gained 4).
You reach down and open the door.
There is an open door here.
Found a radiant altar of Vehumet.
A goblin comes into view. It is carrying a wand of flame (18).
The goblin shouts!
The goblin zaps a wand.
The puff of flame misses you.
A black bear comes into view.
There are monsters nearby!
There are monsters nearby!
Casting: Foxfire (safe; 4% risk of failure)
Confirm with . or Enter, or press ? or * to list all spells.
You conjure some foxfire!
The black bear growls angrily.
A scorpion comes into view.
The foxfire hits the black bear but does no damage.
Casting: Foxfire (safe; 4% risk of failure)
Confirm with . or Enter, or press ? or * to list all spells.
You conjure some foxfire!
Unknown command.
Your foxfire dissipates!
There is an open door here.
The goblin zaps a wand.
The puff of flame hits you! The fire burns you terribly!
Ouch! That really hurt!
The goblin zaps a wand.
The puff of flame hits you! The fire burns you terribly!
Ouch! That really hurt!
You die...

#.###.......*,,,**** *,,,,,,,*
*#.#..#****,**,** ****,,,,,
*#h#.......**,* **,,,*
#g########**,* **,** ####.#
##+## *,* #....# ##...## *,*
#.#..## ##.....## *** *,*
##...#.### ##.......## **,***,*
.........###....@..<.#***,,,**,*
.........hg'.........+,,,,,,,*,*
.##.#....###.........#***,,,**,*
.*#..#.#.# ##.......## ***,***,*
,*##.###.# ##.....## *,,,,,,,*
,**#.**#.# ##...## *,*****,*
,,,..,,..# ##+## *,* *,*
***#,**### *,* *,*****,* *,* *,*
*,*,,,,,*


You could see a black bear and a goblin.

Vanquished Creatures
  3 adders (D:3)
  An orc (D:3)
  3 ball pythons
  5 bats
  5 endoplasms
  4 giant cockroaches
  2 goblins
  7 hobgoblins
  3 jackals (D:3)
  2 kobolds
  4 frilled lizards
  7 rats
46 creatures vanquished.

Vanquished Creatures (others)
  152 foxfires
152 creatures vanquished.

Grand Total: 198 creatures vanquished

Notes
Turn   | Place    | Note
-------+----------+-------------------------------------------
     0 | D:1      | kae the Tengu Fire Elementalist began the quest for the
                  | Orb.
     0 | D:1      | Reached XP level 1. HP: 10/10 MP: 4/4
   245 | D:1      | Reached XP level 2. HP: 15/15 MP: 4/6
  1425 | D:2      | Reached skill level 4 in Fire Magic
  1425 | D:2      | Reached XP level 3. HP: 19/19 MP: 4/7
  2458 | D:2      | Learned a level 2 spell: Scorch
  2462 | D:2      | Learned a level 3 spell: Conjure Flame
  2491 | D:3      | Found Jus Huv's Weapon Shop.
  3071 | D:3      | Reached XP level 4. HP: 10/24 MP: 6/8
  4121 | D:4      | Found a radiant altar of Vehumet.
  4122 | D:4      | Noticed a black bear
  4124 | D:4      | Noticed a scorpion
  4142 | D:4      | Killed from afar by a goblin

Illustrated notes

Levels and vault maps discovered:
D:1:      psy_arrival_spokes, layout_basic, serial_glass, glass_columns_a,
          glass_columns_c
D:2:      layout_basic
D:3:      layout_loops_corners, serial_shops, nicolae_shop_bloodbath_and_beyond,
          chequers_serial_rivers_micro_d, st_stairs_10, dreamdust_wishing_well
D:4:      layout_loops_corners, vehumet_altar_wand_db, serial_shops,
          nicolae_shop_advertising_works [nicolae_subvault_shop_adworks]

Skill      XL: |  1  2 |
---------------+-------+-----
Conjurations   | 2 |  2.7
Fire Magic     | 4 |  4.6
Dodging        | |  2.1
Stealth        | |  2.0
Spellcasting   | |  2.6

Action                   |  1- 3 |  4- 6 || total
-------------------------+-------+-------++-------
Melee: Unarmed           |    39 |     8 ||    47
       Kick              |    16 |     1 ||    17
       Peck              |     3 |     1 ||     4
 Cast: Foxfire           |    85 |    12 ||    97
  Use: Scroll            |       |    11 ||    11
Armor: Robe              |    15 |     2 ||    17
Dodge: Dodged            |    26 |    11 ||    37

Table legend: (Time is in decaauts)
 A = Elapsed time spent in this place.
 B = Non-inter-level travel time spent in this place.
 C = Inter-level travel time spent in this place.
 D = Time resting spent in this place.
 E = Time spent auto-exploring this place.
 F = Levels seen in this place.
 G = Mean time per level.
                   A        B        C        D        E       F      G
               +--------+--------+--------+--------+--------+-----+--------+
         Total |   4142 |   4024 |    118 |     38 |   3591 |   4 | 1035.5 |
       Dungeon |   4142 |   4024 |    118 |     38 |   3591 |   4 | 1035.5 |
               +--------+--------+--------+--------+--------+-----+--------+

Top non-repeatable levels by time:
     D:3: 1469 daAuts
     D:1: 1377 daAuts
     D:2: 1111 daAuts
     D:4: 184 daAuts
